 Dungeon Crawl Stone Soup version 0.27-a0-380-g150de4c (webtiles) character file.

Game seed: 18261441505830002492

109 MrTaco21 the Cudgeller (level 4, -2/28 HPs)
             Began as a Gargoyle Fighter on Feb 17, 2021.
             Killed from afar by Natasha (6 damage)
             ... with a magic dart
             ... on level 2 of the Dungeon.
             The game lasted 00:03:34 (2119 turns).

MrTaco21 the Cudgeller (Gargoyle Fighter)           Turns: 2119, Time: 00:03:35

Health: -2/28      AC: 10    Str: 20    XL:     4   Next: 90%
Magic:  4/4        EV:  7    Int:  9    God:
Gold:   73         SH:  9    Dex:  9    Spells: 3/3 levels left

rFire    . . .     SeeInvis .   a - +0 flail
rCold    . . .     Faith    .   c - +0 kite shield
rNeg     + . .     Spirit   .   b - +0 scale mail
rPois    ∞         Reflect  .   (no helmet)
rElec    +         Harm     .   (no cloak)
rCorr    .         Rampage  .   (no gloves)
Will     .....                  (no boots)
Stlth    ..........             e - amulet of regeneration
HPRegen  1.09/turn              (no ring)
MPRegen  0.09/turn              (no ring)

@: slowed, very slow
A: negative energy resistance 1, electricity resistance, unbreathing,
petrification resistance, miasma immunity, AC +3
a: no special abilities


You were on level 2 of the Dungeon.
You visited 1 branch of the dungeon, and saw 2 of its levels.

You collected 73 gold pieces.

Inventory:

Hand Weapons
 a - a +0 flail (weapon)
Missiles
 s - 8 poisoned darts (quivered)
Armour
 b - a +0 scale mail (worn)
 c - a +0 kite shield (worn)
Jewellery
 e - an amulet of regeneration (around neck)
   (You found it on level 2 of the Dungeon)
Scrolls
 f - a scroll of fear {unknown}
 g - 2 scrolls of fog {unknown}
 h - 2 scrolls of enchant weapon {unknown}
 l - 2 scrolls of blinking {unknown}
 o - a scroll of immolation {unknown}
 p - 3 scrolls of enchant armour {unknown}
 q - 3 scrolls of magic mapping {unknown}
 r - a scroll of teleportation {unknown}
Potions
 d - 2 potions of might
 i - a potion of invisibility {unknown}
 j - 2 potions of berserk rage {unknown}
 k - a potion of haste {@q3}
 m - a potion of cancellation {unknown}
 n - a potion of magic {unknown}


   Skills:
 - Level 3.2 Fighting
 + Level 4.9 Maces & Flails
 - Level 3.2 Armour
 - Level 3.2 Shields


You had 3 spell levels left.
You didn't know any spells.
Your spell library was empty.

Dungeon Overview and Level Annotations

Branches:
Dungeon (2/15)

Altars:
Gozag
Nemelex Xobeh

Annotations:
D:2 Natasha


Innate Abilities, Weirdness & Mutations

You are resistant to torment.
Your stone body is resilient. (AC +3)
You are immune to poison.
You resist negative energy. (rN+)
You are resistant to electric shocks. (rElec)
You can survive without breathing.
You are immune to petrification.
You are immune to miasma.


Message History

You feel yourself slow down. You block Natasha's attack.
You barely miss Natasha.
Natasha drinks a potion.
Natasha seems to speed up.
Natasha claws you but does no damage. Natasha barely misses you.
You hit Natasha but do no damage. Natasha claws you.
You block Natasha's attack. x2
You hit Natasha. Natasha claws you but does no damage. Natasha claws you.
Natasha mumbles some strange words.
You feel disoriented. Natasha claws you but does no damage.
You hit Natasha. Natasha claws you.
Natasha casts a spell.
Natasha mumbles some strange words.
Natasha glows brightly for a moment.
Natasha claws you.
You hit Natasha but do no damage. Natasha barely misses you.
Natasha claws you but does no damage.
The crimson imp hits you but does no damage.
Natasha claws you but does no damage.
The crimson imp hits you but does no damage.
You barely miss Natasha. Natasha claws you.
* * * LOW HITPOINT WARNING * * *
You block Natasha's attack.
The crimson imp hits you but does no damage.
Natasha casts a spell.
The crimson imp hits you.
* * * LOW HITPOINT WARNING * * *
You closely miss Natasha. Natasha claws you but does no damage.
Natasha stares at you and mumbles some strange words.
The magic dart hits you!
* * * LOW HITPOINT WARNING * * *
The crimson imp hits you.
* * * LOW HITPOINT WARNING * * *
Natasha claws you but does no damage.
The crimson imp hits you but does no damage.
You closely miss Natasha. Natasha casts a spell at you.
You feel as though you will be slow longer.
Natasha claws you.
* * * LOW HITPOINT WARNING * * *
You block the crimson imp's attack. You block Natasha's attack.
The crimson imp closely misses you.
You barely miss Natasha. Natasha claws you but does no damage.
Natasha growls.
You block Natasha's attack.
The crimson imp grins evilly.
You block the crimson imp's attack.
Natasha stares at you and mumbles some strange words.
The magic dart hits you.
You die...

###.# #.#
###.######################
.........................#
...........>......####.#.#
.##.####..######### #.#.#
.##.##...........# #.#.#
.##.##.#..######5# #.#.#
.##.##.#...# #@# #.#.#
...........# #h# ..#.#
.#####.###.# #5# ###.# .#
#.# #.# #.# #.# .# #.# #.#
#.# ###.# .# #.# #.# #.#
#...# .# #.# #÷# #.# #.###
.# #.# #)# #.# #.# .# #.#
#)# #.#


You could see Natasha (fast), a crimson imp (summoned) and a white imp
(summoned).

Vanquished Creatures
  2 adders (D:2)
  3 gnolls (D:2)
  2 oozes
  4 dart slugs (D:1)
  2 leopard geckos
  A giant cockroach (D:1)
  3 goblins
  8 hobgoblins
  2 ball pythons
  9 bats
  6 kobolds
  7 rats
49 creatures vanquished.

Notes
Turn   | Place    | Note
-------+----------+-------------------------------------------
     0 | D:1      | MrTaco21 the Gargoyle Fighter began the quest for the Orb.
     0 | D:1      | Reached XP level 1. HP: 14/14 MP: 1/1
    95 | D:1      | Reached XP level 2. HP: 15/19 MP: 2/2
   270 | D:1      | Reached skill level 3 in Maces & Flails
   496 | D:1      | Reached XP level 3. HP: 19/23 MP: 3/3
  1268 | D:2      | Reached skill level 4 in Maces & Flails
  1298 | D:2      | Reached XP level 4. HP: 15/28 MP: 4/4
  1487 | D:2      | Found an opulent altar of Gozag.
  1488 | D:2      | Found a sparkling altar of Nemelex Xobeh.
  2108 | D:2      | Noticed Natasha
  2119 | D:2      | Killed from afar by Natasha

Illustrated notes

Levels and vault maps discovered:
D:1:      wander_arrival_chamber, layout_basic
D:2:      layout_loops_ring, grunt_temple_overflow_opulence,
          grunt_ministairs_13, uniq_natasha

Skill      XL: |  1  2  3 |
---------------+----------+-----
Maces & Flails | 3 4 |  4.9
Fighting       | |  3.2
Armour         | |  3.2
Shields        | |  3.2

Action                   |  1- 3 |  4- 6 || total
-------------------------+-------+-------++-------
Melee: Flail             |   138 |    58 ||   196
Armor: Scale mail        |   123 |    53 ||   176
Dodge: Dodged            |    57 |    28 ||    85
Block: Kite shield       |    86 |    47 ||   133

Table legend: (Time is in decaauts)
 A = Elapsed time spent in this place.
 B = Non-inter-level travel time spent in this place.
 C = Inter-level travel time spent in this place.
 D = Time resting spent in this place.
 E = Time spent auto-exploring this place.
 F = Levels seen in this place.
 G = Mean time per level.
                   A        B        C        D        E       F      G
               +--------+--------+--------+--------+--------+-----+--------+
         Total |   2214 |   2201 |     13 |    350 |   1367 |   2 | 1107.0 |
       Dungeon |   2214 |   2201 |     13 |    350 |   1367 |   2 | 1107.0 |
               +--------+--------+--------+--------+--------+-----+--------+

Top non-repeatable levels by time:
     D:1: 1459 daAuts
     D:2: 754 daAuts
